 Dungeon Crawl Stone Soup version 0.31-a0-1591-g515db51633 (webtiles) character file.

Game seed: 12320623598881002005

569 Conn the Sneak (level 7, 0/45 HPs)
             Began as an Octopode Fire Elementalist on Jan 6, 2024.
             Slain by a steam dragon (6 damage)
             ... on level 4 of the Dungeon.
             The game lasted 00:07:31 (3138 turns).

Conn the Sneak (Octopode Fire Elementalist)         Turns: 3138, Time: 00:07:32

Health: 0/45       AC:  1    Str:  8    XL:     7   Next: 33%
Magic:  1/12       EV: 14    Int: 19    God:
Gold:   332        SH:  0    Dex: 12    Spells: 6/12 levels left

rFire   . . .        g - +5 woodcutter's axe
rCold   . . .        (shield currently unavailable)
rNeg    . . .        (helmet restricted)
rPois   .            e - amulet of regeneration
rElec   .            n - +4 ring of protection
rCorr   .            (no ring)
SInv    .            (no ring)
Will    +....        (no ring)
Stlth   ++++         (no ring)
HPRegen 1.07/turn    (no ring)
MPRegen 0.13/turn    (no ring)
                     (no ring)

%: no passive effects
@: corroded, enlightened, flying
A: almost no armour, amphibious, 8 rings, camouflage 1, gelatinous body 1,
(nimble swimmer 1), tentacles
a: no special abilities


You were on level 4 of the Dungeon.
You visited 1 branch of the dungeon, and saw 4 of its levels.

You collected 332 gold pieces.

Inventory:

Hand Weapons
 b - a +0 short sword
 g - the +5 woodcutter's axe (weapon)
   (You found it on level 2 of the Dungeon)
Missiles
 k - a throwing net
 p - 5 curare-tipped darts (quivered)
Jewellery
 e - an amulet of regeneration (around mantle)
 i - an amulet of faith
 n - a +4 ring of protection (left tentacle)
Scrolls
 c - 2 scrolls of teleportation {unknown}
 h - 2 scrolls of identify {unknown}
 l - a scroll of fog {unknown}
 m - a scroll of noise {unknown}
 q - a scroll of blinking {unknown}
Potions
 a - a potion of magic
 f - a potion of haste {unknown}
 j - a potion of curing {unknown}
 o - a potion of resistance {unknown}
 r - a potion of attraction {unknown}


   Skills:
 + Level 2.2 Fighting
 + Level 2.3 Axes
 + Level 3.4 Dodging
 + Level 5.0 Stealth
 + Level 3.3 Spellcasting
 + Level 3.0 Conjurations
 + Level 4.1 Fire Magic


You had 6 spell levels left.
You knew the following spells:

 Your Spells              Type           Power      Damage    Failure   Level
a - Foxfire               Conj/Fire      64%        2x1d7     3%          1
b - Scorch                Fire           36%        2d6       4%          2
c - Inner Flame           Hex/Fire       11%        N/A       19%         3

Your spell library contained the following spells:

 Spells                   Type           Power      Damage    Failure   Level
 Magic Dart               Conj           56%        1d5       4%          1
 Volatile Blastmotes      Fire/Tloc      22%        2d11      19%         3
 Jinxbite                 Hex            6%         N/A       22%         2
 Flame Wave               Conj/Fire      16%        2d7       32%         4
 Fugue of the Fallen      Necr           3%         N/A       41%         3
 Ozocubu's Armour         Ice            3%         N/A       41%         3
 Manifold Assault         Tloc           3%         N/A       82%         4
 Yara's Violent Unravell  Hex/Alch       1%         3d3       99%         5
 Enfeeble                 Hex            1%         N/A       100%        7


Dungeon Overview and Level Annotations

Branches:
Dungeon (4/15)
 Temple: D:4-7

Altars:

Shops:
D:2 *


Innate Abilities, Weirdness & Mutations

You cannot wear most types of armour.
You are amphibious.
You can wear up to eight rings at the same time.
Your skin changes colour to match your surroundings (Stealth+).
Your rubbery body absorbs attacks. (AC +1, EV +1)
((You are camouflaged when in or above water. (Stealth+)))
You have tentacles for arms and can constrict up to eight enemies at once.


Message History

The steam dragon bites you.
The steam dragon claws you but does no damage.
Casting: Scorch (safe; 4% risk of failure)
Confirm with . or Enter, or press ? or * to list all spells.
You conjure some foxfire!
The steam dragon breathes steam at you. The ball of steam misses you.
Unknown command.
You slash the steam dragon!
The steam dragon is severely wounded.
You are engulfed in a cloud of scalding steam.
The foxfire hits the steam dragon.
The steam dragon is severely wounded.
The foxfire hits the steam dragon.
The steam dragon is burned terribly!
The steam dragon is severely wounded.
The steam dragon closely misses you. The steam dragon claws you.
The steam dragon bites you!
* * * LOW HITPOINT WARNING * * *
The steam dragon barely misses you.
Unknown command.
Okay, then.
Okay, then.
Unknown command.
Unknown command.
Unknown command.
Throw: 6 darts (curare)
Press: ? - help, Q - select action, (/) - cycle Shift-Dir - straight line, f - orc
Aim: an orc, wielding a +0 hand axe of electrocution (54% to hit)
You throw a curare-tipped dart.
The curare-tipped dart closely misses the steam dragon.
The curare-tipped dart hits the phantom.
The steam dragon bites you.
* * * LOW HITPOINT WARNING * * *
The steam dragon barely misses you.
It was a potion of enlightenment.
You feel very buoyant.
You fly up into the air.
The steam dragon bites you.
* * * LOW HITPOINT WARNING * * *
The steam dragon claws you.
You die...

#...~##..##..##..##
##~....†.##≈..≈##..#
.†.~≈.†8.#$.##..#.8#
.#...~#[.#≈o$⌠.≈#..#
.#...~#..#≈.W.$§#..#
.#.≈~.#8.#.w##ow#.8#
.#≈...#..##≈..≈W#..#
.#.).~##.. ##D.##
.##.~..##.. #§@##
..##.... #....§.##
#.#### ###..###
#....# ### ###..##
##..### #####
##...###...##
###...##...######
###............


You could see a steam dragon (combustible), a phantom, a ribbon worm and an orc.

Vanquished Creatures
  A phantom (D:4)
  2 scorpions (D:4)
  A bombardier beetle (D:4)
  A jelly (D:4)
  Crazy Yiuf (D:2)
  2 hounds (D:4)
  Jessica (D:2)
  A gnoll bouda (D:3)
  6 gnolls (D:3)
  3 adders
  3 dart slugs
  A ribbon worm (D:3)
  2 orcs (D:4)
  8 endoplasms
  6 giant cockroaches
  10 goblins
  6 hobgoblins
  3 jackals (D:4)
  A quokka (D:1)
  7 ball pythons
  6 bats
  4 frilled lizards
  8 kobolds
  6 rats
90 creatures vanquished.

Vanquished Creatures (others)
  198 foxfires
198 creatures vanquished.

Grand Total: 288 creatures vanquished

Notes
Turn   | Place    | Note
-------+----------+-------------------------------------------
     0 | D:1      | Conn the Octopode Fire Elementalist began the quest for the
                  | Orb.
     0 | D:1      | Reached XP level 1. HP: 11/11 MP: 3/3
   177 | D:1      | Reached XP level 2. HP: 15/17 MP: 3/5
   183 | D:1      | Reached skill level 3 in Stealth
   728 | D:1      | Found a faded altar of an unknown god.
   738 | D:1      | Got Plato's Precepts of Kinetic Energy
   751 | D:1      | Learned a level 2 spell: Scorch
  1046 | D:2      | Reached XP level 3. HP: 21/21 MP: 2/6
  1343 | D:2      | Found the +5 woodcutter's axe
  1408 | D:2      | Found Betym's Assorted Antiques.
  1466 | D:2      | Learned a level 3 spell: Inner Flame
  1507 | D:2      | Noticed Jessica
  1512 | D:2      | Killed Jessica
  1513 | D:2      | Reached XP level 4. HP: 27/27 MP: 3/7
  1748 | D:2      | Found a runed translucent door.
  1749 | D:2      | Noticed Crazy Yiuf
  1755 | D:2      | Killed Crazy Yiuf
  2009 | D:3      | Reached XP level 5. HP: 17/32 MP: 8/8
  2082 | D:3      | Reached skill level 1 in Axes
  2290 | D:3      | Reached skill level 4 in Stealth
  2474 | D:3      | Reached skill level 1 in Fighting
  2752 | D:4      | Reached XP level 6. HP: 29/38 MP: 5/10
  3038 | D:4      | Reached XP level 7. HP: 30/45 MP: 11/11
  3120 | D:4      | Noticed a steam dragon
  3132 | D:4      | Reached skill level 5 in Stealth
  3138 | D:4      | Slain by a steam dragon

Illustrated notes

Levels and vault maps discovered:
D:1:      saegor_arrival_simple_e, layout_loops_ring,
          shapermc_ecumenical_altar_rom_forum
D:2:      layout_rooms, serial_shops, nicolae_shop_overgrown_old_shop,
          serial_rivers, chequers_serial_rivers_large_a,
          chequers_serial_rivers_micro_a, chequers_serial_rivers_room_b,
          chequers_serial_rivers_room_b, chequers_serial_rivers_marsh,
          chequers_serial_rivers_small_b, uniq_crazy_yiuf_cottage, uniq_jessica
D:3:      layout_basic, nicolae_grassy_gnolls
D:4:      layout_rooms, gammafunk_temple_overflow_wave, serial_shops,
          nicolae_take_the_stairs, nzn_random_ring

Skill      XL: |  1  2  3  4  5  6  7 |
---------------+----------------------+-----
Stealth        | 3 4 5 |  5.0
Conjurations   | 2 3 |  3.0
Axes           | 1 2 |  2.3
Fighting       | 1 2 |  2.2
Dodging        | 3 |  3.4
Spellcasting   | 3 |  3.3
Fire Magic     | 4 |  4.1

Action                     |  1- 3 |  4- 6 |  7- 9 || total
---------------------------+-------+-------+-------++-------
  Melee: Unarmed           |     6 |       |       ||     6
         Tentacles         |     4 |     7 |     5 ||    16
         Short sword       |    13 |       |       ||    13
         Constrict         |     6 |     9 |     3 ||    18
         Battleaxe         |    12 |    47 |    17 ||    76
         Punch             |     1 |       |       ||     1
  Throw: Dart              |       |     1 |     1 ||     2
         Throwing net      |       |     1 |       ||     1
   Cast: Foxfire           |    61 |    45 |    10 ||   116
         Scorch            |       |     6 |     2 ||     8
    Use: Potion            |       |       |     1 ||     1
   Stab: Sleeping          |     6 |     6 |       ||    12
 Armour: Skin              |    11 |    27 |    16 ||    54
  Dodge: Dodged            |    10 |    28 |    16 ||    54

Table legend: (Time is in decaauts)
 A = Elapsed time spent in this place.
 B = Non-inter-level travel time spent in this place.
 C = Inter-level travel time spent in this place.
 D = Time resting spent in this place.
 E = Time spent auto-exploring this place.
 F = Levels seen in this place.
 G = Mean time per level.
                   A        B        C        D        E       F      G
               +--------+--------+--------+--------+--------+-----+--------+
         Total |   3135 |   3066 |     69 |      0 |   2103 |   4 |  783.8 |
       Dungeon |   3135 |   3066 |     69 |      0 |   2103 |   4 |  783.8 |
               +--------+--------+--------+--------+--------+-----+--------+

Top non-repeatable levels by time:
     D:1: 1030 daAuts
     D:2: 915 daAuts
     D:3: 796 daAuts
     D:4: 393 daAuts
